 Dungeon Crawl Stone Soup version 0.32-a0-519-g08f29ac1c3 (webtiles) character file.

Game seed: 9209192087478868929

326 shadizar the Trooper (level 6, 0/39 HPs)
             Began as a Gargoyle Fighter on Feb 27, 2024.
             Slain by Pikel
             ... wielding a +1 whip of flaming
              (3 damage)
             ... on level 4 of the Dungeon.
             The game lasted 00:04:02 (2120 turns).

shadizar the Trooper (Gargoyle Fighter)             Turns: 2120, Time: 00:04:04

Health: 0/39       AC: 14    Str: 21    XL:     6   Next: 49%
Magic:  6/6        EV:  8    Int:  9    God:
Gold:   136        SH:  0    Dex:  9    Spells: 5/5 levels left

rFire   . . .        a - +0 flail
rCold   . . .        c - +0 buckler
rNeg    + . .        j - +0 chain mail
rPois   ∞            (no helmet)
rElec   +            (no cloak)
rCorr   .            (no gloves)
SInv    .            (no boots)
Will    .....        (no amulet) Stlth
                     (no ring)
HPRegen 0.26/turn    (no ring)
MPRegen 0.10/turn

%: no passive effects
@: confused
A: sickness immunity, AC +4, negative energy resistance 1, electricity
resistance, torment resistance 1, petrification resistance
a: no special abilities


You were on level 4 of the Dungeon.
You visited 1 branch of the dungeon, and saw 4 of its levels.

You collected 136 gold pieces.

Inventory:

Hand Weapons
 a - a +0 flail (weapon)
 l - a +0 club
Armour
 b - a +0 scale mail
 c - a +0 buckler (worn)
 j - a +0 chain mail (worn)
Scrolls
 e - 4 scrolls of amnesia {unknown}
 f - 4 scrolls of identify {unknown}
 h - 2 scrolls of teleportation {unknown}
 m - a scroll of enchant armour {unknown}
Potions
 d - a potion of mutation {unknown}
 g - a potion of enlightenment {unknown}
 i - 2 potions of curing {unknown}
 k - a potion of berserk rage {unknown}
 n - a potion of attraction {unknown}
 o - a potion of brilliance {unknown}


   Skills:
 + Level 4.5 Fighting
 + Level 3.4 Maces & Flails
 + Level 4.4 Armour
 + Level 2.0 Dodging
 + Level 4.5 Shields


You had 5 spell levels left.
You didn't know any spells.
Your spell library contained the following spells:

 Spells                   Type           Power      Damage    Failure   Level
 Inner Flame              Hex/Fire       0%         N/A       100%        3
 Irradiate                Conj/Alch      0%         3d11      100%        5
 Ignition                 Fire           0%         3d3       100%        8


Dungeon Overview and Level Annotations

Branches:
Dungeon (4/15)
 Temple: D:4-7

Altars:
Gozag

Shops:
D:3 **   D:4 *

Annotations:
D:4 Pikel


Innate Abilities, Weirdness & Mutations

You are immune to sickness and miasma.
Your stone body is resilient. (AC +4)
You are immune to poison.
You resist negative energy. (rN+)
You are resistant to electric shocks. (rElec)
You are resistant to unholy torment.
You are immune to petrification.


Message History

Your will is overpowered!
You are confused.
Unknown command.
Unknown command.
Unknown command.
You barely miss Pikel.
Pikel is heavily wounded.
The lemure barely misses you. x2; The lemure closely misses you.
The lemure hits you.
* * * LOW HITPOINT WARNING * * *
Pikel barely misses you.
Unknown command.
Unknown command.
Unknown command.
Unknown command.
Unknown command.
You sock Pikel!
Pikel is severely wounded.
The lemure barely misses you.
The lemure hits you but does no damage. x3
Pikel hits you but does no damage.
Unknown command.
Unknown command.
Unknown command.
You completely miss Pikel.
Pikel is severely wounded.
The lemure hits you but does no damage. x2; The lemure barely misses you.
The lemure hits you.
* * * LOW HITPOINT WARNING * * *
Pikel hits you but does no damage.
Unknown command.
Unknown command.
Unknown command.
You hit Pikel.
Pikel is severely wounded.
The lemure barely misses you. The lemure hits you but does no damage.
The lemure hits you.
* * * LOW HITPOINT WARNING * * *
The lemure hits you but does no damage.
Pikel hits you with a +1 whip of flaming.
You die...
Pikel says, "See you in Hell!"

...... ## #..... .##....♣
#.#....# #.##...##
#..#....#######
#.............# ##### #
#..#...∩..55## ##...## ##.
##.........@5.####.....##...
#.<###.....5K.##.......#....
#### ##.#####...............
#...# ##........#..... ###.#
#.........##....
##.###........##..###
#...##.............#.
##o###...>..###......
#...##.......##......


You could see Pikel and 4 lemures.

Vanquished Creatures
  Grinder (D:3)
  A phantom (D:2)
  An adder (D:3)
  A ribbon worm (D:3)
  A dart slug (D:1)
  An orc (D:4)
  7 ball pythons
  8 endoplasms
  2 giant cockroaches (D:2)
  7 goblins
  6 hobgoblins
  3 quokkas
  A bat (D:2)
  5 frilled lizards
  3 kobolds
  3 rats
51 creatures vanquished.

Notes
Turn   | Place    | Note
-------+----------+-------------------------------------------
     0 | D:1      | shadizar the Gargoyle Fighter began the quest for the Orb.
     0 | D:1      | Reached XP level 1. HP: 14/14 MP: 1/1
   169 | D:1      | Reached XP level 2. HP: 15/19 MP: 2/2
   608 | D:2      | Reached XP level 3. HP: 18/23 MP: 3/3
   925 | D:2      | Noticed a phantom
   937 | D:2      | Killed a phantom
   938 | D:2      | Reached skill level 1 in Dodging
   938 | D:2      | Reached XP level 4. HP: 29/29 MP: 4/4
  1009 | D:2      | Found a faded altar of an unknown god.
  1141 | D:3      | Noticed Grinder
  1149 | D:3      | Killed Grinder
  1150 | D:3      | Reached XP level 5. HP: 29/34 MP: 5/5
  1150 | D:3      | Reached XP level 6. HP: 34/39 MP: 6/6
  1201 | D:3      | Found Fuppiamo's Assorted Antiques.
  1308 | D:3      | Found an opulent altar of Gozag.
  1461 | D:3      | Found Voaner's Assorted Antiques.
  1844 | D:4      | Found Facsaic's Assorted Antiques.
  2086 | D:4      | Noticed Pikel
  2120 | D:4      | Slain by Pikel

Illustrated notes

Levels and vault maps discovered:
D:1:      eino_arrival_water_cross, layout_rooms, minmay_misc_feat_iff
D:2:      layout_loops_ring, shapermc_ecumenical_altar_notcrosses
D:3:      layout_loops_ring, mainiacjoe_overflow_tiny_flanked, serial_shops,
          nicolae_shop_trees, shop, kennysheep_generic_room_12, uniq_grinder
D:4:      nicolae_cairo_tiling_large_dashed, layout_cave_pods, elyvilon_altar_3,
          minmay_temple_entry_junction, serial_shops, shop,
          minmay_misc_feat_hallway, uniq_pikel

Skill      XL: |  1  2  3  4 |
---------------+-------------+-----
Dodging        | 1 2 |  2.0
Shields        | 4 |  4.5
Fighting       | 4 |  4.5
Maces & Flails | 3 |  3.4
Armour         | 4 |  4.4

Action                     |  1- 3 |  4- 6 || total
---------------------------+-------+-------++-------
  Melee: Flail             |    91 |    87 ||   178
    Use: Potion            |       |     1 ||     1
 Armour: Scale mail        |     6 |       ||     6
         Chain mail        |    69 |    86 ||   155
  Dodge: Dodged            |    36 |    41 ||    77
         Repelled          |     1 |     1 ||     2
  Block: Buckler           |    19 |    20 ||    39

Table legend: (Time is in decaauts)
 A = Elapsed time spent in this place.
 B = Non-inter-level travel time spent in this place.
 C = Inter-level travel time spent in this place.
 D = Time resting spent in this place.
 E = Time spent auto-exploring this place.
 F = Levels seen in this place.
 G = Mean time per level.
                   A        B        C        D        E       F      G
               +--------+--------+--------+--------+--------+-----+--------+
         Total |   2171 |   2122 |     49 |      0 |   1566 |   4 |  542.8 |
       Dungeon |   2171 |   2122 |     49 |      0 |   1566 |   4 |  542.8 |
               +--------+--------+--------+--------+--------+-----+--------+

Top non-repeatable levels by time:
     D:3: 889 daAuts
     D:2: 747 daAuts
     D:1: 398 daAuts
     D:4: 136 daAuts
